 Dungeon Crawl Stone Soup version 0.28-b1-1-g3c77fb2ed1 (webtiles) character file.

Game seed: 4486436097343421745

247 zeram the Poker (level 6, 0/72 HPs)
             Began as a Merfolk Fighter on Jan 28, 2022.
             Killed from afar by an orc wizard (6 damage)
             ... with a puff of flame
             ... on level 4 of the Dungeon.
             The game lasted 00:05:41 (3795 turns).

zeram the Poker (Merfolk Fighter)                   Turns: 3795, Time: 00:05:42

Health: 0/72       AC: 23    Str: 16 (18) XL:     6   Next: 11%
Magic:  6/6        EV:  2    Int:  4 (7)  God:
Gold:   220        SH:  5    Dex: 12 (14) Spells: 5/5 levels left

rFire   . . .      SeeInvis .   a - +0 trident
rCold   + . .      Faith    .   c - +1 buckler
rNeg    . . .      Spirit   .   (armour currently unavailable)
rPois   +          Reflect  .   (helmet currently unavailable)
rElec   .          Harm     .   (cloak currently unavailable)
rCorr   .          Rampage  .   (gloves currently unavailable)
Will    .....      NoTele   +   (boots currently unavailable)
Stlth   +.........              (no amulet)
HPRegen 0.22/turn               d - ring of protection from cold
MPRegen 0.10/turn               (no ring)

@: tree-form, invisible
A: stationary, stasis, torment immunity, boosted hp, (nimble swimmer 2),
(mertail)
a: no special abilities


You were on level 4 of the Dungeon.
You were a tree.
You visited 1 branch of the dungeon, and saw 4 of its levels.

You collected 220 gold pieces.

Inventory:

Hand Weapons
 a - a +0 trident (weapon)
Armour
 b - a +0 scale mail (melded)
 c - a +1 buckler (worn)
 h - a +0 cloak
 l - a +0 pair of boots (melded)
 n - the +2 cloak "Amycuul" (melded) {rN+ Will- Str+7}
   (You found it on level 4 of the Dungeon)

   Str:       It affects your strength (+7).
   rN:        It protects you from negative energy.
   Will:      It decreases your willpower.
Jewellery
 d - a ring of protection from cold (left branch)
Scrolls
 e - a scroll of teleportation
 m - a scroll of blinking
Potions
 j - a potion of degeneration
 k - a potion of invisibility


   Skills:
 + Level 4.1 Fighting
 + Level 6.0 Polearms
 + Level 3.3 Armour
 + Level 0.9 Dodging
 + Level 3.5 Shields


You had 5 spell levels left.
You didn't know any spells.
Your spell library contained the following spells:

 Spells                   Type           Power      Damage    Failure   Level
 Animate Skeleton         Necr           0%         N/A       58%         1
 Pain                     Necr           0%         1d4       58%         1
 Ignite Poison            Fire/Tmut/Pois 0%         N/A       92%         3
 Mephitic Cloud           Conj/Pois/Air  0%         N/A       92%         3
 Teleport Other           Tloc           0%         N/A       92%         3
 Vampiric Draining        Necr           0%         2d6       92%         3
 Blade Hands              Tmut           0%         N/A       100%        5
 Freezing Cloud           Conj/Ice/Air   0%         6-21      100%        5
 Irradiate                Conj/Tmut      0%         3d13      100%        5
 Manifold Assault         Tloc           0%         N/A       100%        5
 Dragon Form              Tmut           0%         N/A       100%        7
 Disjunction              Tloc           0%         N/A       100%        8


Dungeon Overview and Level Annotations

Branches:
Dungeon (4/15)
 Temple: D:4-7

Altars:
Zin

Shops:
D:3 ?:((

Annotations:
D:3 3 runed translucent doors, DemonSlayer's ghost, amateur DECj


Innate Abilities, Weirdness & Mutations

You are a tree.
Your roots penetrate the ground, keeping you stationary.
You cannot be teleported.
You are immune to unholy pain and torment.
Your maximum health is greatly increased.
Your equipment is partially melded.
((You are very nimble when in or above water. (Stealth+, EV+, Speed+++)))
((Your lower body shifts to a powerful aquatic tail in water.))


Message History

You hear some strange, mumbled words.
A magic dart appears from out of thin air!
The magic dart hits you!
* * * LOW HITPOINT WARNING * * *
It was a potion of lignification.
You turn into a tree.
The +2 cloak "Amycuul" {rN+ Will- Str+7} melds into your body.
Your +0 pair of boots melds into your body.
Your +0 scale mail melds into your body.
Your roots penetrate the ground.
The orc priest looks braver for a moment.
Something hits you but does no damage.
It was a potion of curing.
You feel better.
You hear some strange, mumbled words.
You are confused.
Unknown command.
You cannot move. (Use ctrl+direction or * direction to attack without moving.)
You cannot move. (Use ctrl+direction or * direction to attack without moving.)
You cannot move. (Use ctrl+direction or * direction to attack without moving.)
You cannot move. (Use ctrl+direction or * direction to attack without moving.)
You are too confused!
You cannot move. (Use ctrl+direction or * direction to attack without moving.)
An orc priest is nearby!
You nearly hit yourself!
Something hits you but does no damage.
You attack the rock wall.
You hear some strange, mumbled words.
A magic dart appears from out of thin air!
The magic dart hits you but does no damage.
You attack the rock wall.
Something hits you.
* * * LOW HITPOINT WARNING * * *
You attack the rock wall.
Something hits you but does no damage.
You attack the rock wall.
You feel less confused. Something hits you but does no damage.
You miss something. Something hits you but does no damage.
You barely miss something. Something hits you but does no damage.
You hit something.
You hear some strange, mumbled words.
A puff of flame appears from out of thin air!
The puff of flame hits you.
You die...

#.# ###'## ....#
#.# #.# ... #.#
#.# ... #.# #.####
... ..# #..... #.#
#### #####. #o# #.
#{# #. #♣# #. #.#
#. #.# #.
#.###############.
#.................
##################


You could see an orc priest.

Vanquished Creatures
  3 orc priests
  2 orc wizards (D:3)
  4 adders
  2 dart slugs
  8 orcs
  4 ball pythons
  8 endoplasms
  3 giant cockroaches
  6 goblins
  4 hobgoblins
  A quokka (D:1)
  4 bats (D:1)
  3 frilled lizards
  6 kobolds
  3 rats
61 creatures vanquished.

Vanquished Creatures (others)
  3 fungi (D:2)
3 creatures vanquished.

Grand Total: 64 creatures vanquished

Notes
Turn   | Place    | Note
-------+----------+-------------------------------------------
     0 | D:1      | zeram the Merfolk Fighter began the quest for the Orb.
     0 | D:1      | Reached XP level 1. HP: 18/18 MP: 1/1
   130 | D:1      | Reached XP level 2. HP: 22/24 MP: 2/2
   172 | D:1      | HP: 1/24 [kobold (1)]
   817 | D:1      | Reached XP level 3. HP: 29/30 MP: 3/3
  1377 | D:2      | Found a faded altar of an unknown god.
  1473 | D:2      | Got Ekenojiu's Incunabulum of Displacement
  1494 | D:2      | Reached XP level 4. HP: 37/37 MP: 4/4
  1682 | D:2      | Reached skill level 4 in Polearms
  1801 | D:2      | Found a glowing silver altar of Zin.
  2073 | D:3      | Found Kuuwyciba's Book Boutique.
  2376 | D:3      | Found Muidokh's Magic Scroll Shoppe.
  2500 | D:3      | Found Monauminlo's Antique Weapon Boutique.
  2521 | D:3      | Found a runed translucent gate.
  2521 | D:3      | Found a runed translucent gate.
  2521 | D:3      | Found a runed translucent gate.
  2523 | D:3      | Noticed DemonSlayer's ghost (amateur DECj)
  2553 | D:3      | Found Wuanumo's Weapon Boutique.
  2686 | D:3      | Reached XP level 5. HP: 40/42 MP: 5/5
  2743 | D:3      | Reached skill level 5 in Polearms
  3628 | D:4      | Identified the +2 cloak "Amycuul" {rN+ Will- Str+7}
  3760 | D:4      | Reached skill level 6 in Polearms
  3760 | D:4      | Reached XP level 6. HP: 38/48 MP: 6/6
  3785 | D:4      | HP: 1/48 [something/magic dart (8)]
  3795 | D:4      | Killed from afar by an orc wizard

Illustrated notes

Levels and vault maps discovered:
D:1:      nzn_arrival_settlement, layout_loops_ring
D:2:      layout_loops_ring, shapermc_ecumenical_altar_gd, basic_altar
D:3:      layout_basic, serial_shops, nicolae_lakefront_shop, shop_coins, shop,
          nicolae_shop_bloodbath_and_beyond, ebering_ghost_rock_garden
D:4:      layout_basic, enter_ossuary_4

Skill      XL: |  1  2  3  4  5 |
---------------+----------------+-----
Polearms       | 4 6 |  6.0
Armour         | 3 |  3.3
Fighting       | 4 |  4.1
Dodging        | |  0.9
Shields        | |  3.5

Action                   |  1- 3 |  4- 6 || total
-------------------------+-------+-------++-------
Melee: Trident           |    95 |   128 ||   223
  Use: Potion            |     1 |     5 ||     6
       Scroll            |     3 |     5 ||     8
Armor: Scale mail        |    16 |    33 ||    49
       Skin              |       |     7 ||     7
Dodge: Dodged            |    35 |    26 ||    61
Block: Buckler           |    16 |    27 ||    43
